 Dungeon Crawl Stone Soup version 0.28.0 (webtiles) character file.

Game seed: 13363774921661953697

667 jjjjhere the Jester (level 7, -19/57 HPs)
             Began as a Hill Orc Brigand on Feb 9, 2022.
             Was a Follower of Nemelex Xobeh.
             Demolished by Duvessa (20 damage)
             ... on level 4 of the Dungeon.
             The game lasted 00:08:47 (4766 turns).

jjjjhere the Jester (Hill Orc Brigand)              Turns: 4766, Time: 00:08:47

Health: -19/57     AC:  9    Str: 16    XL:     7   Next: 57%
Magic:  11/11      EV: 10    Int: 11    God:    Nemelex Xobeh [*.....]
Gold:   268        SH:  0    Dex: 12    Spells: 6/6 levels left

rFire   . . .      SeeInvis .   u - +2 hand axe (venom)
rCold   + . .      Faith    .   (no shield)
rNeg    . . .      Spirit   .   v - +0 chain mail
rPois   .          Reflect  .   (no helmet)
rElec   .          Harm     .   c - +0 cloak
rCorr   .          Rampage  .   (no gloves)
Will    .....                   (no boots)
Stlth   ..........              (no amulet)
HPRegen 0.19/turn               g - +4 ring of evasion
MPRegen 0.12/turn               i - ring of protection from cold

@: no status effects
A: no striking features
a: Renounce Religion, Draw Escape, Draw Destruction, Draw Summoning


You were on level 4 of the Dungeon.
You worshipped Nemelex Xobeh.
Nemelex Xobeh was aware of your devotion.
You visited 1 branch of the dungeon, and saw 4 of its levels.

You collected 268 gold pieces.

Inventory:

Hand Weapons
 f - a +0 hunting sling
 u - a +2 hand axe of venom (weapon)
Missiles
 d - 10 poisoned darts
 e - 2 curare-tipped darts (quivered)
Armour
 c - a +0 cloak (worn)
 v - a +0 chain mail (worn)
Jewellery
 g - a +4 ring of evasion (left hand)
 i - a ring of protection from cold (right hand)
 m - a ring of wizardry
Wands
 s - a wand of polymorph (8)
Scrolls
 a - a scroll of fog {unknown}
 j - 2 scrolls of vulnerability
 x - a scroll of enchant weapon
Potions
 k - a potion of curing
 t - 4 potions of might
 z - a potion of magic


   Skills:
 - Level 3.3 Fighting
 - Level 2.0 Short Blades
 + Level 5.7(6.6) Axes
 - Level 4.3(5.3) Maces & Flails
 - Level 1.7 Throwing
 - Level 0.7 Dodging
 - Level 3.2 Stealth
 + Level 6.0 Invocations


You had 6 spell levels left.
You didn't know any spells.
Your spell library contained the following spells:

 Spells                   Type           Power      Damage    Failure   Level
 Dazzling Flash           Conj/Hex       0%         N/A       100%        3
 Iskenderun's Mystic Bla  Conj/Tloc      0%         2d3       100%        4
 Starburst                Conj/Fire      0%         6d3       100%        6


Dungeon Overview and Level Annotations

Branches:
Dungeon (4/15)
 Temple: D:4-7

Altars:
Cheibriados
Nemelex Xobeh

Shops:
D:2 *

Annotations:
D:4 Duvessa, Menkaure


Message History

a - a scroll labelled INA NADEOSAEST No target in view!
Found 21 stones.
Duvessa and Dowan come into view.
Duvessa is wielding a +2 short sword of electrocution.
Duvessa shouts!
Dowan shouts!
Duvessa gestures with her weapon.
Found 14 stones.
Dowan whispers, "It won't be long now."
Okay, then.
Dowan casts a spell.
Dowan blinks!
Duvessa hits you with a +2 short sword of electrocution.
You are electrocuted!!
You barely miss Duvessa.
Dowan points at you and mumbles some strange words.
The puff of flame hits you. Duvessa misses you.
You slash Dowan!
Dowan looks as sick as possible!
Dowan is moderately wounded.
You hit Duvessa.
Duvessa is poisoned.
Duvessa misses you. Dowan barely misses you.
You slash Dowan!
Dowan looks as sick as possible!
Dowan is almost dead.
You hit Duvessa but do no damage.
Duvessa looks as sick as possible!
Duvessa hits you with a +2 short sword of electrocution.
You are electrocuted!!
* * * LOW HITPOINT WARNING * * *
Dowan casts a spell.
Dowan blinks!
You kill Dowan!
Duvessa screams, "No!
How DARE you!"
Duvessa goes berserk!
Your Invocations skill increases to level 6!
You closely miss Duvessa.
Duvessa is moderately wounded.
Duvessa hits you with a +2 short sword of electrocution!
* * * LOW HITPOINT WARNING * * *
Duvessa hits you but does no damage.
You are electrocuted!!
You die...
Your body disappears without a glow.

#.............##
####...........
#.#.......###
#.#.........(
#######
##.#..<...##
.......
#....#....#
.......
#.......#.....
......(
#.)###..#.####
.......
#..@....# .
.......
##e###.##
....... #.# #...
....... #.#
##### #####..
#.# .. #.#
#........
#........
#........


You could see Duvessa (berserk, very poisoned).

Vanquished Creatures
  Sigmund (D:3)
  An ogre (D:4)
  Dowan (D:4)
  3 hounds (D:4)
  Terence (D:3)
  Natasha (twice) (D:3)
  3 orc wizards (D:3)
  2 adders
  3 gnolls
  An adder skeleton (D:4)
  A worm (D:2)
  3 dart slugs
  17 orcs
  11 ball pythons
  7 bats
  8 endoplasms
  2 giant cockroaches
  5 goblins
  9 hobgoblins
  2 jackals (D:2)
  7 quokkas
  3 frilled lizards
  3 kobolds
  4 rats
  A spectral kobold (D:1)
101 creatures vanquished.

Notes
Turn   | Place    | Note
-------+----------+-------------------------------------------
     0 | D:1      | jjjjhere the Hill Orc Brigand began the quest for the Orb.
     0 | D:1      | Reached XP level 1. HP: 18/18 MP: 1/1
   111 | D:1      | HP: 4/19 [frozen (4)]
   375 | D:1      | Reached XP level 2. HP: 26/26 MP: 2/2
   433 | D:1      | Reached skill level 1 in Maces & Flails
   698 | D:1      | Found a faded altar of an unknown god.
   744 | D:1      | Reached XP level 3. HP: 31/31 MP: 3/3
  1200 | D:1      | HP: 8/31 [gnoll (5)]
  1508 | D:1      | HP: 8/31 [gnoll (3)]
  1509 | D:1      | HP: 3/31 [gnoll (5)]
  1511 | D:1      | Reached XP level 4. HP: 4/38 MP: 4/4
  2105 | D:2      | Found Tetomaj's General Store.
  2508 | D:3      | Found a sparkling altar of Nemelex Xobeh.
  2557 | D:3      | Became a worshipper of Nemelex Xobeh the Trickster
  2692 | D:3      | Noticed Terence
  2725 | D:3      | Killed Terence
  2726 | D:3      | Reached skill level 1 in Invocations
  2726 | D:3      | Reached XP level 5. HP: 45/45 MP: 4/6
  2849 | D:3      | Found a snail-covered altar of Cheibriados.
  3131 | D:3      | Reached skill level 1 in Axes
  3140 | D:3      | Noticed Sigmund
  3213 | D:3      | Killed Sigmund
  3214 | D:3      | Reached skill level 3 in Invocations
  3214 | D:3      | Reached XP level 6. HP: 18/51 MP: 6/8
  3557 | D:3      | Reached skill level 4 in Invocations
  4176 | D:4      | Reached skill level 5 in Invocations
  4176 | D:4      | Reached XP level 7. HP: 50/57 MP: 10/10
  4284 | D:4      | Reached skill level 5 in Axes
  4508 | D:4      | Noticed Natasha
  4511 | D:4      | Noticed Menkaure
  4514 | D:4      | HP: 16/57 [??? (14)]
  4548 | D:3      | Killed Natasha
  4619 | D:3      | Noticed Natasha
  4624 | D:3      | Killed Natasha
  4724 | D:4      | Reached * piety under Nemelex Xobeh
  4754 | D:4      | Noticed Duvessa
  4754 | D:4      | Noticed Dowan
  4763 | D:4      | HP: 11/57 [Duvessa (19)]
  4764 | D:4      | Killed Dowan
  4765 | D:4      | Reached skill level 6 in Invocations
  4765 | D:4      | HP: 1/57 [Duvessa (11)]
  4766 | D:4      | Demolished by Duvessa

Illustrated notes

Levels and vault maps discovered:
D:1:      scummos_arrival_checkerplants, layout_loops_ring,
          dreamdust_ecumenical_altar_drowned_temple, minmay_box_of_dots
D:2:      layout_rooms, serial_shops, nicolae_diamond_shop,
          kennysheep_generic_room_3
D:3:      layout_basic, lemuel_tele_altar, mainiacjoe_overflow_cross_hatched,
          minmay_fractal_squares_diagonal_5, uniq_terence, uniq_sigmund
D:4:      layout_basic, minmay_fractal_squares_gapless_5, uniq_natasha,
          uniq_duvessa, uniq_menkaure

Skill      XL: |  1  2  3  4  5  6  7 |
---------------+----------------------+-----
Fighting       | 3 |  3.3
Maces & Flails | 1 3 4 |  4.3
Invocations    | 1 3 5 6 |  6.0
Axes           | 3 4 5 |  5.7
Short Blades   | |  2.0
Throwing       | |  1.7
Dodging        | |  0.7
Stealth        | |  3.2

Action                   |  1- 3 |  4- 6 |  7- 9 || total
-------------------------+-------+-------+-------++-------
Melee: Dagger            |   107 |    88 |       ||   195
       Punch             |     4 |     3 |       ||     7
       Hand axe          |       |    82 |    33 ||   115
Throw: Dart              |     1 |     5 |     1 ||     7
  Use: Scroll            |       |       |    10 ||    10
       Potion            |       |       |     1 ||     1
 Stab: Sleeping          |     7 |     3 |       ||    10
Armor: Robe              |    17 |     7 |       ||    24
       Chain mail        |       |    30 |    20 ||    50
Dodge: Dodged            |    73 |   104 |    20 ||   197
